Map: Bel'Shir Vestige LE (Void)

Players

Railgan - Winner!

  • Race: Zerg Zerg
  • League: Grandmaster
  • Spawn Location: 11:00

Rob

  • Race: Protoss Protoss
  • League: Master
  • Spawn Location: 5:00

VOD

Have the link to the VOD?

Description

Time

  • Played on: March 22, 2017, 5:30 p.m.
  • Length: 21:32
Show
View Real Time Build Order
Export as new Build Order

Railgan Zerg - Winner!

Build Orders: Hatch First, Swarm Host 

Get SALT Encoding   

  12  0:00  Drone  
  13  0:14  Overlord  
  13  0:17  Drone  
  14  0:32  Drone x2  
  16  0:36  Drone  
  17  0:48  Drone  
  18  0:59  Drone  
  18  1:02  Extractor  
  18  1:09  Hatchery  
  18  1:10  Drone  
  18  1:19  Spawning Pool  
  18  1:20  Drone  
  18  1:30  Drone  
  19  1:40  Overlord  
  20  2:01  Drone  
  20  2:06  Zergling x2, Queen  
  23  2:11  Roach Warren  
  22  2:22  Queen  
  22  2:26  Drone x2  
  22  2:27  Metabolic Boost  
  26  2:35  Drone x2  
  26  2:36  Drone  
  29  2:46  Drone  
  29  2:47  Drone  
  32  2:53  Queen  
  34  3:04  Hatchery  
  33  3:06  Overlord  
  33  3:10  Drone  
  33  3:12  Drone  
  35  3:16  Drone  
  36  3:23  Overlord  
  36  3:25  Drone  
  36  3:26  Drone x2  
  39  3:33  Lair  
  39  3:38  Drone, Evolution Chamber  
  39  3:42  Drone x2  
  39  3:48  Drone x2  
  43  3:56  Drone x5  
  43  4:02  Overlord  
  48  4:08  Zerg Melee Weapons Level 1  
  47  4:12  Extractor  
  47  4:13  Extractor  
  47  4:15  Roach Warren  
  44  4:20  Queen  
  44  4:21  Drone x2  
  48  4:24  Drone  
  48  4:29  Overlord  
  50  4:31  Drone x3  
  50  4:34  Overseer  
  52  4:38  Drone x2  
  52  4:39  Drone  
  52  4:40  Overlord  
  52  4:43  Drone x3  
  58  4:48  Overlord  
  58  4:57  Roach x4  
  66  5:02  Overlord  
  66  5:05  Overseer  
  66  5:06  Pneumatized Carapace  
  66  5:07  Glial Reconstitution  
  66  5:10  Drone  
  66  5:11  Drone x3  
  70  5:14  Drone  
  70  5:15  Drone x2  
  70  5:18  Overlord  
  70  5:19  Drone x2  
  70  5:21  Drone  
  76  5:29  Overlord  
  76  5:31  Hydralisk Den, Extractor  
  76  5:34  Drone x3  
  77  5:39  Roach x2  
  77  5:40  Roach x2  
  85  5:43  Roach  
  85  5:44  Roach x2  
  85  5:46  Roach  
  85  5:48  Overlord  
  93  5:51  Extractor  
  93  5:52  Extractor  
  93  5:53  Overlord, Roach x2  
  93  6:15  Drone x9  
  95  6:34  Hatchery  
  94  6:41  Overlord x2  
  94  6:42  Muscular Augments  
  94  6:46  Roach x3  
  94  6:47  Roach x3  
  106  6:49  Zerg Missile Weapons Level 1  
  106  7:11  Roach x2  
  106  7:12  Roach x2  
  114  7:31  Lair  
  114  7:33  Drone x5  
  114  7:34  Drone x4  
  123  7:41  Drone  
  124  7:50  Drone x3  
  124  7:51  Drone x2  
  129  7:57  Overlord  
  123  8:06  Zergling x4  
  123  8:07  Zergling x2  
  123  8:12  Hatchery, Zergling x2  
  122  8:13  Zergling x4  
  122  8:16  Hydralisk x2  
  122  8:18  Hydralisk x2  
  130  8:20  Hydralisk  
  136  8:28  Ravager x4  
  136  8:29  Ravager  
  136  8:32  Zergling x6  
  146  8:40  Hydralisk x2  
  150  8:43  Hydralisk  
  150  8:46  Spine Crawler  
  150  8:47  Spore Crawler  
  150  8:48  Spore Crawler  
  143  8:49  Spine Crawler, Spore Crawler  
  143  8:50  Spore Crawler  
  143  8:54  Hydralisk x5  
  150  8:58  Overlord  
  150  9:02  Zerg Melee Weapons Level 2  
  150  9:05  Baneling Nest  
  109  9:32  Zergling x18  
  109  9:33  Zergling x8  
  109  9:44  Overlord  
  106  9:48  Hydralisk x5  
  106  9:49  Hydralisk x3  
  106  9:50  Infestation Pit  
  106  9:51  Centrifical Hooks  
  121  9:56  Overseer  
  121  10:02  Zergling x2  
  121  10:03  Zergling x6  
  111  10:24  Spore Crawler  
  111  10:25  Spine Crawler  
  111  10:26  Drone  
  111  10:27  Drone x2  
  112  10:34  Swarm Host x12  
  148  10:37  Overseer  
  144  10:53  Swarm Host x9, Hatchery  
  144  10:55  Overlord x2  
  169  10:57  Extractor  
  169  10:59  Extractor  
  169  11:00  Spine Crawler x2, Overlord  
  165  11:05  Overlord  
  165  11:07  Baneling x6  
  165  11:08  Baneling x4  
  165  11:10  Zergling x2  
  165  11:11  Zergling x4  
  168  11:21  Baneling x8  
  168  11:22  Zergling x2  
  168  11:23  Zergling x14  
  176  11:40  Zergling x2  
  176  11:41  Zergling x12  
  176  11:45  Zergling x6  
  185  11:49  Zergling x4  
  185  11:59  Zergling x2  
  185  12:01  Hydralisk x3  
  189  12:08  Baneling x2  
  189  12:09  Baneling x4  
  189  12:11  Hive  
  189  12:15  Zergling x6  
  192  12:17  Spire  
  162  12:38  Zergling x20  
  162  12:39  Zergling x12  
  175  12:46  Hydralisk  
  175  12:48  Zergling x2  
  176  12:57  Baneling x15  
  176  12:58  Baneling x3  
  176  13:04  Zergling x2  
  171  13:08  Zergling x2  
  171  13:09  Overlord  
  172  13:15  Overseer, Zergling x4  
  174  13:28  Overseer  
  174  13:35  Overseer  
  174  13:41  Overseer  
  173  13:50  Corruptor  
  173  13:51  Corruptor x5  
  173  13:52  Corruptor  
  173  13:54  Corruptor  
  173  13:55  Hatchery, Greater Spire  
  188  14:10  Zerg Melee Weapons Level 3  
  185  14:36  Zergling x2  
  185  14:37  Zergling x12  
  192  14:44  Overlord  
  192  14:46  Ultralisk Cavern, Overlord  
  191  14:56  Baneling x3  
  191  15:10  Spore Crawler  
  191  15:13  Brood Lord x4  
  198  15:27  Infestor  
  199  15:33  Zerg Flyer Weapons Level 1  
  196  16:11  Hatchery  
  175  16:13  Zergling x2  
  175  16:14  Drone x3  
  168  16:31  Corruptor  
  168  16:32  Corruptor x2  
  171  16:35  Brood Lord x3  
  171  16:37  Zergling x2  
  174  16:44  Zergling x2  
  174  16:45  Zergling x6  
  174  16:46  Hatchery  
  169  17:29  Infestor  
  169  17:30  Infestor x2  
  169  17:34  Brood Lord x4  
  183  17:44  Baneling x7  
  183  17:45  Zergling x8  
  187  17:59  Corruptor  
  189  18:11  Zergling x6  
  165  18:29  Zergling x2  
  165  18:36  Overlord x2  
  165  18:37  Overlord  
  165  18:38  Zergling x2  
  150  18:48  Hydralisk  
  150  18:49  Hydralisk x6  
  150  18:50  Zergling x2  
  150  18:52  Hydralisk  
  150  18:55  Overseer  
  137  19:07  Spore Crawler  
  137  19:09  Spine Crawler, Infestor  
  135  19:10  Infestor  
  139  19:17  Extractor  
  139  19:18  Extractor  
  139  19:23  Ultralisk  
  139  19:38  Zergling x2  
  139  19:39  Zergling x10  
  145  19:47  Overlord  
  145  19:50  Brood Lord  
  145  19:52  Zergling x2  
  141  20:09  Drone x4  
  141  20:10  Drone x2  
  141  20:21  Spine Crawler  
  137  20:24  Spine Crawler  
  127  20:46  Hydralisk x3  
  127  20:47  Zergling x2  
  137  21:13  Spine Crawler  
  137  21:16  Hatchery  
Show
View Real Time Build Order
Export as new Build Order

Rob Protoss 

Build Orders: Forge Fast Expand (FFE), Zealot Archon 

Get SALT Encoding   

  12  0:00  Probe (Chrono Boost)  
  13  0:11  Probe (Chrono Boost)  
  14  0:19  Pylon  
  14  0:22  Probe (Chrono Boost)  
  15  0:37  Probe (Chrono Boost)  
  15  0:39  Forge  
  16  0:48  Probe (Chrono Boost)  
  17  0:58  Probe (Chrono Boost)  
  18  1:09  Probe (Chrono Boost)  
  18  1:10  Pylon  
  19  1:27  Nexus  
  19  1:35  Gateway  
  19  1:41  Assimilator  
  19  1:43  Probe (Chrono Boost)  
  20  1:49  Assimilator  
  20  1:54  Probe (Chrono Boost)  
  21  2:04  Probe (Chrono Boost)  
  22  2:09  Photon Cannon  
  22  2:15  Probe (Chrono Boost)  
  23  2:25  Probe (Chrono Boost)  
  23  2:27  Cybernetics Core  
  24  2:36  Probe (Chrono Boost)  
  25  2:37  Pylon  
  25  2:39  Probe (Chrono Boost)  
  26  2:46  Probe (Chrono Boost)  
  26  2:50  Probe (Chrono Boost)  
  27  2:57  Probe (Chrono Boost)  
  28  3:00  Probe (Chrono Boost)  
  28  3:01  Stalker  
  28  3:03  Warp Gate  
  31  3:10  Probe (Chrono Boost)  
  31  3:11  Probe (Chrono Boost)  
  33  3:21  Probe (Chrono Boost)  
  33  3:22  Probe (Chrono Boost)  
  33  3:25  Twilight Council  
  35  3:32  Mothership Core (Chrono Boost), Probe (Chrono Boost)  
  38  3:39  Gateway  
  38  3:46  Probe (Chrono Boost)  
  39  3:51  Probe (Chrono Boost)  
  40  3:57  Robotics Facility, Probe (Chrono Boost)  
  40  3:59  Gateway  
  40  4:01  Probe (Chrono Boost)  
  42  4:09  Gateway  
  41  4:11  Dark Shrine, Probe (Chrono Boost)  
  41  4:12  Probe (Chrono Boost)  
  43  4:19  Assimilator  
  43  4:20  Assimilator  
  43  4:22  Probe x2 (Chrono Boost)  
  45  4:31  Pylon  
  45  4:32  Probe (Chrono Boost)  
  45  4:36  Pylon  
  46  4:44  Warp Prism  
  46  4:50  Pylon, Probe x2 (Chrono Boost)  
  50  5:08  Adept x4  
  50  5:11  Probe (Chrono Boost)  
  50  5:12  Pylon  
  59  5:19  Warp Prism  
  59  5:22  Forge  
  61  5:35  Dark Templar x4  
  69  5:44  Protoss Ground Weapons Level 1  
  69  5:49  Pylon  
  69  5:51  Immortal  
  73  5:58  Pylon  
  73  6:07  Dark Templar x3  
  71  6:22  Protoss Ground Armor Level 1  
  67  6:28  Immortal, Sentry  
  69  6:32  Gateway  
  69  6:34  Gateway  
  73  6:41  Photon Cannon  
  73  6:42  Pylon  
  73  6:43  Sentry  
  73  6:44  Zealot x2  
  79  6:48  Archon  
  79  6:52  Zealot  
  81  7:03  Pylon x2, Immortal  
  81  7:07  Zealot x2  
  85  7:11  Pylon  
  85  7:25  Zealot x2  
  88  7:34  Zealot x2  
  92  7:39  Nexus, Archon  
  92  7:40  Archon  
  96  7:47  Robotics Bay  
  96  7:48  Robotics Facility  
  96  7:49  Probe (Chrono Boost)  
  93  7:55  Pylon  
  93  8:01  Probe x2 (Chrono Boost)  
  93  8:14  Zealot x5  
  93  8:19  Dark Templar x4  
  101  8:20  Zealot  
  101  8:24  Photon Cannon  
  101  8:26  Archon x2  
  103  8:33  Assimilator  
  103  8:37  Assimilator  
  103  8:38  Probe x2 (Chrono Boost)  
  105  8:42  Dark Templar x2  
  111  8:48  Observer  
  111  8:50  Probe x2 (Chrono Boost)  
  111  8:54  Disruptor  
  115  8:57  Probe (Chrono Boost)  
  115  9:02  Probe x2 (Chrono Boost)  
  118  9:03  Pylon  
  110  9:17  Archon  
  84  9:34  Disruptor x2  
  76  9:40  Charge  
  76  9:44  Zealot x6  
  80  9:46  Protoss Ground Weapons Level 2  
  82  9:53  Probe (Chrono Boost)  
  82  9:54  Probe (Chrono Boost)  
  82  10:05  Zealot x5  
  82  10:06  Zealot  
  92  10:15  Colossus x2  
  104  10:30  Dark Templar  
  104  10:31  Zealot x4  
  114  10:43  Protoss Ground Armor Level 2  
  114  10:48  Stalker  
  110  10:52  Stalker x2  
  110  10:53  Stalker x2  
  114  11:06  Stalker  
  116  11:12  Zealot  
  118  11:18  Zealot x4  
  118  11:20  Blink  
  118  11:21  Extended Thermal Lance  
  126  11:29  Stalker  
  128  11:34  Colossus  
  128  11:36  Stalker  
  130  11:42  Stalker  
  138  11:53  Stalker x3  
  136  12:01  Stalker x2  
  140  12:18  Dark Templar x2  
  140  12:19  Stalker x2  
  142  12:35  Zealot x2  
  120  12:40  Zealot  
  97  12:46  Dark Templar  
  99  12:52  Dark Templar x2  
  101  13:09  Dark Templar x3  
  101  13:11  Disruptor  
  107  13:15  Disruptor  
  109  13:29  Dark Templar  
  109  13:30  Zealot x2  
  109  13:33  Nexus  
  115  13:36  Pylon  
  115  13:39  Dark Templar  
  117  13:52  Stalker x4  
  123  13:59  Archon  
  123  14:02  Photon Cannon  
  123  14:03  Zealot  
  123  14:04  Photon Cannon  
  123  14:06  Photon Cannon  
  125  14:13  Dark Templar  
  125  14:16  Dark Templar x2  
  131  14:22  Archon x2  
  131  14:24  Dark Templar  
  127  14:36  Zealot x2  
  114  14:49  Observer  
  114  14:50  Dark Templar x2  
  114  14:51  Zealot  
  121  14:56  Zealot  
  121  14:58  Stalker  
  125  15:01  Pylon  
  125  15:02  Pylon  
  125  15:07  Dark Templar  
  125  15:13  Assimilator  
  127  15:19  Assimilator  
  127  15:21  Zealot x3  
  131  15:29  Dark Templar x2, Archon  
  131  15:34  Archon  
  135  15:40  Zealot x2  
  135  15:42  Zealot x2  
  143  16:04  Zealot x6  
  120  16:27  Stalker x6  
  124  17:08  Dark Templar x6  
  134  17:12  Archon x3  
  142  17:16  Protoss Ground Weapons Level 3  
  142  17:17  Protoss Ground Armor Level 3  
  142  17:22  Robotics Facility x2  
  130  17:40  Dark Templar  
  130  17:41  Zealot x4  
  130  17:42  Zealot  
  141  17:47  Archon  
  141  18:08  Zealot x5  
  141  18:09  Zealot  
  147  18:15  Cybernetics Core  
  102  18:36  Dark Templar x5  
  72  19:05  Dark Templar  
  74  19:14  Zealot x2  
  74  19:15  Zealot x3, Cybernetics Core  
  78  19:41  Zealot x6  
  78  19:43  Archon  
  78  19:44  Archon  
  90  20:05  Zealot x6  
  84  20:23  Zealot x2  
  84  20:26  Stalker x3  
  94  20:28  Dark Templar  
  88  20:47  Archon  
  88  20:48  Dark Templar x2  
  90  20:50  Stalker  
  88  21:00  Dark Templar  
  90  21:08  Dark Templar  
  80  21:15  Archon  
  80  21:18  Archon  
  80  21:19  Sentry x2  
  80  21:21  Sentry  
Tags
 
Add a new tag
Caveats
  • Supply blocks, unpowered buildings, or Contaminate may cause inaccurate times.
  • Supply counts are checked every 10 seconds.